 Dungeon Crawl Stone Soup version 0.29-a0-841-g116ddc6ace (webtiles) character file.

Game seed: 5272428570030383206

389 Mesmaeker13 the Trooper (level 6, -3/55 HPs)
             Began as a Ghoul Chaos Knight on July 14, 2022.
             Was a Plaything of Xom.
             Blown up by a goblin (11 damage)
             ... with a mindburst bolt
             ... led by Robin
             ... on level 4 of the Dungeon.
             The game lasted 00:05:57 (3297 turns).

Mesmaeker13 the Trooper (Ghoul Chaos Knight)        Turns: 3297, Time: 00:05:59

Health: -3/55      AC:  6    Str: 16    XL:     6   Next: 79%
Magic:  5/5        EV: 12    Int:  9    God:    Xom [.*....]
Gold:   237        SH:  0    Dex:  8    Spells: 5/5 levels left

rFire   . . .      SeeInvis +     - Unarmed
rCold   + . .      Faith    .   (no shield)
rNeg    + + +      Spirit   .   a - +2 leather armour
rPois   ∞          Reflect  .   e - +0 helmet
rElec   .          Harm     .   (no cloak)
rCorr   .          Rampage  .   (no gloves)
Will    .....                   (no boots)
Stlth   +.........              (no amulet)
HPRegen 0.00/turn               i - ring of see invisible
MPRegen 0.09/turn               (no ring)

@: attractive, inhibited regen
A: claws 1, cold resistance 1, negative energy resistance 3, inhibited
regeneration, torment resistance 2, devour on kill
a: Renounce Religion


You were on level 4 of the Dungeon.
You worshipped Xom.
You were a plaything of Xom.
You visited 1 branch of the dungeon, and saw 4 of its levels.

You collected 237 gold pieces.

Inventory:

Hand Weapons
 d - a +2 flail of venom
Missiles
 x - a javelin (quivered)
Armour
 a - a +2 leather armour (worn)
 e - a +0 helmet (worn)
 w - a +2 scale mail of poison resistance
Jewellery
 i - a ring of see invisible (left claw)
Scrolls
 c - 2 scrolls of teleportation
 f - a scroll of immolation {unknown}
 h - a scroll of blinking {unknown}
 j - a scroll of magic mapping
 l - a scroll of enchant armour {unknown}
 n - a scroll of torment {unknown}
 o - a scroll of fear {unknown}
 p - a scroll of fog {unknown}
 q - a scroll of vulnerability {unknown}
 r - 2 scrolls of poison
 v - a scroll of amnesia {unknown}
Potions
 g - a potion of curing
 k - a potion of might
 m - 2 potions of flight
 u - a potion of berserk rage {unknown}
Miscellaneous
 b - a piece from Xom's chessboard (11/15)


   Skills:
 + Level 4.9 Fighting
 + Level 3.5 Armour
 + Level 3.0 Dodging
 + Level 4.9 Unarmed Combat


You had 5 spell levels left.
You didn't know any spells.
Your spell library contained the following spells:

 Spells                   Type           Power      Damage    Failure   Level
 Shock                    Conj/Air       0%         1d3       43%         1
 Swiftness                Air            0%         N/A       82%         3
 Airstrike                Air            0%         0-1+      99%         4
 Summon Lightning Spire   Summ/Air       0%         N/A       99%         4
 Lightning Bolt           Conj/Air       0%         1d11      100%        5


Dungeon Overview and Level Annotations

Branches:
Dungeon (4/15)
 Temple: D:4-7

Altars:

Annotations:
D:4 Grinder, Natasha


Innate Abilities, Weirdness & Mutations

You are immune to poison.
You have sharp fingernails.
Your flesh is cold resistant. (rC+)
You are immune to negative energy. (rN+++)
You do not regenerate when monsters are visible.
You are immune to unholy pain and torment.
You thrive by killing the living.


Message History

The goblin attacks as you move away! The goblin hits you with a +0 dagger.
The goblin attacks as you move away! The goblin hits you but does no damage.
The goblin unwields a +0 dagger.
The goblin wields a +0 sling.
The goblin shoots a sling bullet.
The sling bullet hits you.
The goblin zaps a wand.
Your mind is blasted!
* * * LOW HITPOINT WARNING * * *
A shower of butterflies erupts from you!
You hear a shout!
Things that are here:
a +0 dagger; a goblin corpse The goblin unwields a +0 sling.
The goblin wields a +0 dagger.
The goblin hits your butterfly with a +0 dagger.
Your butterfly dies!
Your butterfly disappears in a puff of smoke!
Items here: ( ) / [[.
You swap places.
The goblin hits your butterfly with a +0 dagger.
Your butterfly dies!
Your butterfly disappears in a puff of smoke!
You see here a hobgoblin corpse.
It was a potion of might.
You feel very mighty all of a sudden. The goblin misses your butterfly.
The goblin closely misses your butterfly.
Something misses your butterfly.
It was a potion of attraction.
You feel attractive to monsters. The goblin misses your butterfly.
The goblin hits your butterfly with a +0 dagger.
Your butterfly dies!
Your butterfly disappears in a puff of smoke!
The goblin is attracted toward you. The hobgoblin is attracted toward you.
The goblin is attracted toward you.
It was a potion of cancellation.
Your magical effects are unravelling.
You feel magically purged.
You feel a little less mighty now.
The goblin zaps a wand.
Your mind is blasted!
You die...
Xom laughs nastily!

...... #.........
...... #)........
......####..!......
......g...........g
............####.>
.........)..# #..
#####g§.....# ...
#.gbg.......#
#@###.......#
#.#.........#
#:#.#.#####.#
#.#.#... ..#
#.#.#########
#........... ##
###.######## .# #.#
.# #.#


You could see a hobgoblin and 2 goblins.

Vanquished Creatures
  A scorpion (D:4)
  A hound (D:4)
  An orc priest (D:3)
  Ijyb (D:4)
  Natasha (D:4)
  Robin (D:4)
  A gnoll (D:1)
  3 adders (D:3)
  A white imp (D:4)
  2 dart slugs (D:1)
  5 orcs (D:3)
  3 bats
  6 endoplasms
  3 giant cockroaches
  6 goblins
  5 hobgoblins
  A jackal (D:1)
  5 quokkas
  4 ball pythons
  A frilled lizard (D:3)
  6 kobolds
  6 rats
64 creatures vanquished.

Vanquished Creatures (collateral kills)
  An ogre (D:3)
  An adder (D:3)
2 creatures vanquished.

Grand Total: 66 creatures vanquished

Notes
Turn   | Place    | Note
-------+----------+-------------------------------------------
     0 | D:1      | Mesmaeker13 the Ghoul Chaos Knight began the quest for the
                  | Orb.
     0 | D:1      | Reached XP level 1. HP: 19/19 MP: 0/0
    44 | D:1      | Found a faded altar of an unknown god.
    59 | D:1      | Reached skill level 1 in Dodging
   140 | D:1      | XOM: silly message
   252 | D:1      | Reached XP level 2. HP: 25/26 MP: 1/1
   365 | D:1      | Reached XP level 3. HP: 30/33 MP: 2/2
   549 | D:1      | XOM: silly message
  1183 | D:3      | XOM: stealth player
  1237 | D:3      | XOM: 1-stop teleportation journey
  1303 | D:3      | Reached XP level 4. HP: 40/40 MP: 3/3
  1386 | D:3      | XOM: noise
  1535 | D:3      | Identified the +3 leather armour "Xuhaot" {Will+ rCorr
                  | Slay-6}
  1556 | D:3      | XOM: 4-stop teleportation journey
  1606 | D:3      | Noticed an ogre
  1611 | D:3      | XOM: enchant monster (bad)
  1612 | D:3      | XOM: cast spell 'Monstrous Menagerie'
  1616 | D:3      | Killed an ogre
  1617 | D:3      | Reached XP level 5. HP: 47/47 MP: 4/4
  2273 | D:4      | XOM: stealth player
  2274 | D:4      | Noticed Natasha
  2278 | D:4      | Killed Natasha
  2279 | D:4      | Reached XP level 6. HP: 53/53 MP: 5/5
  2358 | D:4      | XOM: cloud trail
  2373 | D:4      | Noticed Grinder
  2384 | D:4      | Noticed Natasha
  2482 | D:3      | XOM: noise
  2532 | D:4      | Identified the +0 helmet of Muesifia {rC+ Str-4 Slay+5}
  2532 | D:4      | Noticed Robin
  2532 | D:4      | XOM: 1-stop teleportation journey
  2536 | D:4      | Noticed Ijyb
  2536 | D:4      | XOM: butterfly on damage
  2541 | D:4      | XOM: enchant monster (good)
  2546 | D:4      | XOM: blink monster(s)
  2942 | D:4      | Killed Ijyb
  3279 | D:4      | Killed Robin
  3292 | D:4      | XOM: butterfly on damage
  3297 | D:4      | Blown up by a goblin

Illustrated notes

Levels and vault maps discovered:
D:1:      psy_arrival_basics, layout_basic,
          chequers_ecumenical_altar_simple_redux,
          chequers_serial_rivers_micro_a, minmay_crystal_water,
          minmay_splitting_lines, hex_large, st_stairs_12
D:2:      layout_loops_ring
D:3:      layout_basic
D:4:      layout_basic, chequers_serial_rivers_micro_a, uniq_ijyb, uniq_robin,
          uniq_grinder, uniq_natasha

Skill      XL: |  1  2  3  4  5  6 |
---------------+-------------------+-----
Dodging        | 1 2 3 |  3.0
Armour         | 2 3 |  3.5
Fighting       | 4 |  4.9
Unarmed Combat | 4 |  4.9

Action                   |  1- 3 |  4- 6 || total
-------------------------+-------+-------++-------
Melee: Unarmed           |    90 |   113 ||   203
       Punch             |       |     2 ||     2
Throw: Throwing net      |       |     1 ||     1
       Javelin           |       |     3 ||     3
Evoke: Piece from Xom's  |       |     9 ||     9
       Wand              |       |     2 ||     2
  Use: Potion            |       |     5 ||     5
       Scroll            |       |     4 ||     4
 Stab: Petrified         |       |     3 ||     3
       Paralysed         |       |     1 ||     1
       Sleeping          |       |     1 ||     1
Armor: Leather armour    |    23 |    50 ||    73
Dodge: Dodged            |    46 |    61 ||   107

Table legend: (Time is in decaauts)
 A = Elapsed time spent in this place.
 B = Non-inter-level travel time spent in this place.
 C = Inter-level travel time spent in this place.
 D = Time resting spent in this place.
 E = Time spent auto-exploring this place.
 F = Levels seen in this place.
 G = Mean time per level.
                   A        B        C        D        E       F      G
               +--------+--------+--------+--------+--------+-----+--------+
         Total |   3292 |   3109 |    183 |    209 |   2259 |   4 |  823.0 |
       Dungeon |   3292 |   3109 |    183 |    209 |   2259 |   4 |  823.0 |
               +--------+--------+--------+--------+--------+-----+--------+

Top non-repeatable levels by time:
     D:3: 1392 daAuts
     D:4: 721 daAuts
     D:2: 609 daAuts
     D:1: 568 daAuts
